 Dungeon Crawl Stone Soup version 0.19.0-19-g8c6edcc (webtiles) character file.

8658 nikopol the Cleaver (level 11, -4/103 HPs)
             Began as a Gargoyle Berserker on Nov 15, 2016.
             Was a High Priest of Trog.
             Slain by Urug
             ... wielding a +4 great sword
              (8 damage)
             ... on level 10 of the Dungeon.
             The game lasted 00:41:31 (13907 turns).

nikopol the Cleaver (Gargoyle Berserker)           Turns: 13907, Time: 00:41:32

Health: -4/103     AC: 28    Str: 27    XL:     11   Next: 34%
Magic:  11/11      EV: 11    Int:  8    God:    Trog [*****.]
Gold:   200        SH:  0    Dex: 11    Spells: 0 memorised, 10 levels left

rFire  + . .     SeeInvis .     a - +0 war axe
rCold  + . .     Gourm    .     S - +3 chain mail
rNeg   + . .     Faith    .     (no shield)
rPois  ∞         Spirit   .     x - +2 helmet
rElec  +         Reflect  .     K - +2 cloak
rCorr  .         Harm     .     (no gloves)
MR     .....                    (no boots)
Stlth  ..........               (no amulet)
                                J - ring of protection from fire
                                H - ring of protection from cold

@: berserking, starving, very quick
A: negative energy resistance 1, electricity resistance, unbreathing,
petrification resistance, rot immunity, AC +7
a: Berserk, Trog's Hand, Brothers in Arms, Burn Spellbooks, Renounce Religion


You were on level 10 of the Dungeon.
You worshipped Trog.
Trog was extremely pleased with you.
You were starving.

You visited 1 branch of the dungeon, and saw 10 of its levels.
You also visited: Ossuary.

You collected 200 gold pieces.

Inventory:

Hand Weapons
 a - a +0 war axe (weapon)
 z - a +0 shortbow
 E - a +0 hand axe
 M - a +1 battleaxe
 R - a +2 antimagic executioner's axe
Missiles
 i - 166 arrows (quivered)
Armour
 x - a +2 helmet (worn)
 K - a +2 cloak (worn)
 S - a +3 chain mail (worn)
Jewellery
 H - a ring of protection from cold (left hand)
 J - a ring of protection from fire (right hand)
Wands
 t - a wand of iceblast (5/15)
 D - a wand of flame (27/48)
Scrolls
 d - 6 scrolls of remove curse
 e - 2 scrolls of fear
 g - a scroll of enchant armour {unknown}
 j - 2 scrolls of recharging
 k - 8 scrolls of identify
 s - 5 scrolls of teleportation
 y - 4 scrolls of fog {unknown}
 G - 3 scrolls of magic mapping
 I - a scroll of torment {unknown}
 L - a scroll of blinking {unknown}
 N - a scroll of enchant weapon {unknown}
Potions
 b - a potion of agility {unknown}
 f - 2 potions of heal wounds {unknown}
 h - a potion of haste {unknown}
 m - 2 potions of brilliance {unknown}
 o - 4 potions of curing
 p - a potion of mutation {unknown}
 q - 2 potions of flight {unknown}
 w - a potion of cure mutation {unknown}
 A - a potion of ambrosia {unknown}
 B - 2 potions of degeneration {unknown}
 C - a potion of magic {unknown}
 O - a potion of might {unknown}
 P - 2 potions of experience {unknown}
Comestibles
 c - 4 bread rations
 l - a slice of pizza
 n - 2 meat rations
 u - 5 fruits
 v - 2 beef jerkies


   Skills:
 + Level 8.6 Fighting
 * Level 9.0 Axes
 * Level 8.2 Bows
 + Level 8.1 Armour
 + Level 5.8 Dodging


You had 10 spell levels left.
You didn't know any spells.

Dungeon Overview and Level Annotations

Branches:
Dungeon (10/15)            Temple (0/1) D:5            Lair (0/6) D:10
    Orc (0/2) D:9

Altars:
Ashenzari
Elyvilon
Fedhas
Kikubaaqudgha
Nemelex Xobeh
Qazlal
Sif Muna
Trog
Vehumet
Xom
Zin
The Shining One
Beogh

Annotations:
D:8 Maurice
D:10 Urug


Innate Abilities, Weirdness & Mutations

You are resistant to torment.
Your stone body is resilient. (AC +7)
You are immune to poison.
You resist negative energy. (rN+)
You are resistant to electric shocks. (rElec)
You can survive without breathing.
You are immune to petrification.
You are immune to rotting.


Message History

You hit Urug but do no damage.
Urug is almost dead.
You hit Urug.
Urug is almost dead.
Urug hits you but does no damage.
A red film seems to cover your vision as you go berserk!
You feel yourself moving faster!
You feel mighty!
You are starving!
Urug hits you with an enchanted great sword!
* * * LOW HITPOINT WARNING * * *
You slash Urug!
Urug is almost dead.
Urug hits you with an enchanted great sword!!
* * * LOW HITPOINT WARNING * * *
You closely miss Urug.
Urug is almost dead.
You closely miss Urug.
Urug is almost dead.
Urug hits you with an enchanted great sword!
You die...

##################
#................#
#................#
#................#
#................####
#............@o(((((#
###..............##.#
######..............#
.#
....................#
..
....................#
...
...........##########
(... ......######
##.## ......########
.# ......'.......


You could see Urug.

Vanquished Creatures
  An unseen horror (D:10)
  A komodo dragon (D:10)
  2 trolls
  A two-headed ogre (D:9)
  Grinder (D:4)
  Prince Ribbit (D:8)
  A wyvern (D:10)
  5 yaks (D:10)
  Menkaure (D:7)
  An orc warrior (D:9)
  5 ice beasts
  2 sky beasts
  4 phantoms
  The ghost of asdu the Chopper, an amateur DDMo (D:5)
  5 ogres
  6 centaurs
  A crocodile (D:9)
  4 big kobolds
  Blork the orc (D:6)
  9 bullfrogs
  A water moccasin zombie (Ossuary)
  2 scorpions
  A water moccasin skeleton (D:6)
  3 killer bees (D:9)
  4 wights (D:9)
  A vampire bat (D:7)
  2 crimson imps
  A quasit (D:9)
  2 centaur zombies
  9 hounds
  A gnoll shaman (D:7)
  A bullfrog skeleton (D:10)
  2 centaur skeletons
  2 jellies
  5 orc priests
  9 orc wizards
  Ijyb (D:3)
  5 iguanas
  5 worker ants
  3 big kobold zombies (Ossuary)
  A hound zombie (D:5)
  2 mummies (Ossuary)
  A worker ant zombie (D:6)
  15 gnolls
  A river rat (D:10)
  11 adders
  2 shadow imps
  2 oozes
  7 adder zombies (Ossuary)
  2 adder skeletons
  5 worms
  A dart slug (D:2)
  5 leopard geckos
  48 orcs
  3 bat skeletons (D:7)
  2 bat zombies (D:7)
  5 giant cockroaches
  3 gnoll zombies (Ossuary)
  9 goblins
  12 hobgoblins
  2 jackals (D:10)
  5 quokkas
  4 ball pythons
  8 bats
  8 frilled lizards
  5 hobgoblin zombies (Ossuary)
  A jackal zombie (D:5)
  31 kobolds
  A kobold zombie (Ossuary)
  2 leopard gecko skeletons
  A leopard gecko zombie (D:6)
  9 orc zombies (Ossuary)
  7 rats
  30 fungi (D:10)
  23 plants (D:10)
387 creatures vanquished.

Vanquished Creatures (collateral kills)
  An orc warrior (D:9)
  6 orcs (D:9)
7 creatures vanquished.

Vanquished Creatures (others)
  A bullfrog (D:6)
  5 fungi (D:10)
  3 plants (D:10)
9 creatures vanquished.

Grand Total: 403 creatures vanquished

Notes
Turn   | Place    | Note
-------+----------+-------------------------------------------
     0 | D:1      | nikopol the Gargoyle Berserker began the quest for the Orb.
     0 | D:1      | Reached XP level 1. HP: 14/14 MP: 1/1
   228 | D:1      | Reached XP level 2. HP: 14/19 MP: 2/2
   255 | D:1      | Reached skill level 3 in Axes
   463 | D:1      | Reached XP level 3. HP: 15/23 MP: 3/3
   913 | D:2      | Reached ** piety under Trog
  1146 | D:2      | Reached XP level 4. HP: 25/29 MP: 4/4
  1704 | D:2      | Found a stormy altar of Qazlal.
  1895 | D:3      | Found a bloodstained altar of Trog.
  1917 | D:3      | Reached XP level 5. HP: 19/33 MP: 5/5
  2263 | D:3      | Found a glowing golden altar of the Shining One.
  2287 | D:3      | Noticed Ijyb
  2296 | D:3      | Killed Ijyb
  2699 | D:4      | Noticed an ogre
  2718 | D:4      | Killed an ogre
  2718 | D:4      | Reached *** piety under Trog
  2718 | D:4      | Reached XP level 6. HP: 6/39 MP: 6/6
  2983 | D:4      | Reached skill level 4 in Axes
  3331 | D:4      | Reached skill level 5 in Fighting
  3341 | D:4      | Reached XP level 7. HP: 29/44 MP: 7/7
  3464 | D:4      | Reached skill level 1 in Bows
  4299 | D:4      | Found a radiant altar of Vehumet.
  4299 | D:4      | Found a blossoming altar of Fedhas.
  4312 | D:5      | Entered Level 5 of the Dungeon
  4312 | D:5      | Noticed Grinder
  4328 | D:4      | Paralysed by Grinder for 5 turns
  4336 | D:4      | Paralysed by Grinder for 5 turns
  4384 | D:4      | Paralysed by Grinder for 7 turns
  4393 | D:4      | Paralysed by Grinder for 2 turns
  4675 | D:4      | Killed Grinder
  4675 | D:4      | Reached skill level 5 in Armour
  4911 | D:5      | Reached skill level 5 in Axes
  5113 | D:5      | Noticed asdu's ghost (amateur DDMo)
  5124 | D:5      | Killed asdu's ghost
  5124 | D:5      | Reached XP level 8. HP: 50/50 MP: 8/8
  5553 | D:5      | Found a staircase to the Ecumenical Temple.
  6160 | D:5      | Reached skill level 6 in Axes
  6352 | D:5      | Reached XP level 9. HP: 50/55 MP: 9/9
  6501 | D:5      | Found a deep blue altar of Sif Muna.
  6736 | D:6      | Noticed an angel
  6751 | D:6      | Found a shimmering altar of Xom.
  6751 | D:6      | Found a glowing silver altar of Zin.
  6759 | D:6      | Noticed Blork the orc
  6774 | D:6      | Killed Blork the orc
  6783 | D:6      | Found a sand-covered staircase.
  6789 | Ossuary  | Entered an ossuary
  6901 | Ossuary  | Reached **** piety under Trog
  7112 | D:6      | Reached skill level 5 in Bows
  7828 | D:6      | Reached skill level 7 in Axes
  8303 | D:7      | Found a shattered altar of Ashenzari.
  8546 | D:7      | Received a gift from Trog
  8560 | D:7      | Found an ancient bone altar of Kikubaaqudgha.
  8802 | D:7      | Noticed Menkaure
  8814 | D:7      | Killed Menkaure
  8861 | D:7      | Reached XP level 10. HP: 48/63 MP: 10/10
  9251 | D:8      | Reached ***** piety under Trog
  9261 | D:8      | Received a gift from Trog
  9344 | D:8      | Noticed Prince Ribbit
  9365 | D:8      | Killed Prince Ribbit
  9596 | D:8      | Found a white marble altar of Elyvilon.
  9765 | D:8      | Noticed Maurice
 10506 | D:9      | Reached skill level 5 in Dodging
 10723 | D:9      | Reached skill level 8 in Axes
 11228 | D:9      | Found a roughly hewn altar of Beogh.
 11387 | D:9      | Received a gift from Trog
 11466 | D:9      | Found a sparkling altar of Nemelex Xobeh.
 11507 | D:9      | Found a staircase to the Orcish Mines.
 11587 | D:9      | Received a gift from Trog
 11646 | D:9      | Found a roughly hewn altar of Beogh.
 12023 | D:10     | Entered Level 10 of the Dungeon
 12235 | D:10     | Killed an unseen horror
 12235 | D:10     | Reached XP level 11. HP: 10/68 MP: 11/11
 12555 | D:10     | Found a staircase to the Lair.
 13321 | D:10     | Reached skill level 9 in Axes
 13589 | D:10     | Paralysed by fainting for 8 turns
 13632 | D:10     | Paralysed by fainting for 6 turns
 13858 | D:10     | Noticed Urug
 13905 | D:10     | HP: 4/103 [Urug/enchanted great sword (19)]
 13907 | D:10     | Slain by Urug

Skill      XL: |  1  2  3  4  5  6  7  8  9 10 11 |
---------------+----------------------------------+-----
Axes           | 3 4 5 6 7 8 9 |  9.0
Armour         | 3 4 5 6 7 8 |  8.1
Fighting       | 4 5 6 7 8 |  8.6
Dodging        | 2 3 4 5 |  5.8
Bows           | 2 4 6 7 8 |  8.2

Action                   |  1- 3 |  4- 6 |  7- 9 | 10-12 || total
-------------------------+-------+-------+-------+-------++-------
Melee: Hand axe          |   131 |   163 |   159 |       ||   453
       War axe           |       |       |   281 |   653 ||   934
       Shortbow          |       |       |       |     1 ||     1
 Fire: Shortbow          |       |    16 |   267 |   412 ||   695
Invok: Berserk           |       |     1 |     5 |     5 ||    11
       Brothers in Arms  |       |       |       |     3 ||     3
       Burn Spellbooks   |       |       |       |     2 ||     2
  Use: Scroll            |       |       |     9 |     1 ||    10
  Eat: Chunk             |     1 |     8 |    20 |    14 ||    43
       Beef jerky        |       |       |     1 |     2 ||     3
       Fruit             |       |       |     1 |       ||     1
       Royal jelly       |       |       |       |     1 ||     1
       Pizza             |       |       |       |     1 ||     1
Armor: Animal skin       |    55 |       |       |       ||    55
       Chain mail        |       |    76 |       |   284 ||   360
       Ring mail         |       |    20 |   242 |   154 ||   416
Dodge: Dodged            |   111 |    84 |   343 |   375 ||   913
